 Dungeon Crawl Stone Soup version 0.29-a0-338-g1ff7896281 (webtiles) character file.

Game seed: 14168354692886861296

266 Essalna the Conjurer (level 6, -5/35 HPs)
             Began as a Deep Elf Conjurer on Apr 19, 2022.
             Was an Initiate of Hepliaklqana.
             Killed from afar by Sigmund (6 damage)
             ... with a magic dart
             ... on level 4 of the Dungeon.
             The game lasted 00:07:26 (3928 turns).

Essalna the Conjurer (Deep Elf Conjurer)            Turns: 3928, Time: 00:07:27

Health: -5/35      AC:  4    Str:  4    XL:     6   Next: 0%
Magic:  11/15      EV: 12    Int: 25    God:    Hepliaklqana [......]
Gold:   127        SH:  0    Dex: 13    Spells: 7/14 levels left

rFire   . . .      SeeInvis .   s - +3 dagger
rCold   . . .      Faith    .   (no shield)
rNeg    . . .      Spirit   .   a - +0 robe
rPois   +          Reflect  .   n - +0 helmet
rElec   .          Harm     .   (no cloak)
rCorr   .          Rampage  .   (no gloves)
Will    +....                   m - +0 pair of boots
Stlth   ++........              (no amulet)
HPRegen 0.11/turn               g - ring of poison resistance
MPRegen 0.14/turn               j - ring of willpower

@: no status effects
A: no striking features
a: Renounce Religion


You were on level 4 of the Dungeon.
You worshipped Hepliaklqana.
Hepliaklqana was noncommittal.
You visited 1 branch of the dungeon, and saw 4 of its levels.

You collected 127 gold pieces.

Inventory:

Hand Weapons
 s - a +3 dagger (weapon)
Armour
 a - a +0 robe (worn)
 m - a +0 pair of boots (worn)
 n - a +0 helmet (worn)
Jewellery
 g - a ring of poison resistance (left hand)
 j - a ring of willpower (right hand)
Scrolls
 c - 3 scrolls of identify
 e - 2 scrolls of teleportation {unknown}
 o - a scroll of enchant armour {unknown}
 q - a scroll of magic mapping {unknown}
Potions
 f - a potion of lignification {unknown}
 h - a potion of attraction {unknown}
 i - a potion of brilliance {unknown}
 k - a potion of mutation {unknown}
 l - 2 potions of might {unknown}
 p - a potion of heal wounds {unknown}
 r - a potion of ambrosia {unknown}


   Skills:
 + Level 2.2 Fighting
 + Level 0.9 Armour
 + Level 3.0 Dodging
 - Level 3.0 Stealth
 + Level 4.9 Spellcasting
 + Level 5.5 Conjurations
 + Level 1.1 Translocations


You had 7 spell levels left.
You knew the following spells:

 Your Spells              Type           Power      Damage    Failure   Level
a - Magic Dart            Conj           100%       1d8       1%          1
b - Searing Ray           Conj           66%        2d6       1%          2
c - Iskenderun's Mystic   Conj/Tloc      22%        2d6       21%         4

Your spell library contained the following spells:

 Spells                   Type           Power      Damage    Failure   Level
 Dazzling Flash           Conj/Hex       40%        N/A       8%          3
 Fulminant Prism          Conj/Hex       10%        3d9       26%         4


Dungeon Overview and Level Annotations

Branches:
Dungeon (4/15)             Temple (0/1) D:4

Altars:
Hepliaklqana

Shops:
D:1 !

Annotations:
D:3 3 runed translucent doors, Dabor's ghost, amateur HOFi; Gerhazo's ghost, weakling GrEE; GordonOverkill's ghost, amateur DEHu; flestrin's ghost, amateur MfBe; hemabe1971's ghost, amateur HuAr
D:4 Sigmund


Message History

The searing ray hits the orc!
You kill the orc!
The searing ray hits the orc wizard.
You kill the orc wizard!
The searing ray misses the orc. (Press . to maintain the ray.)
Your Dodging skill increases to level 3!
The searing ray hits the orc.
The orc is almost dead.
The searing ray hits the orc but does no damage.
You hear a shout!
Sigmund the Dreaded comes into view.
He is wielding a +0 scythe.
You hear a shout!
The searing ray hits the orc.
You kill the orc!
The searing ray hits the orc.
The orc is heavily wounded.
The searing ray hits the orc.
You kill the orc!
The searing ray misses Sigmund.
You finish channelling your searing ray.
Sigmund mumbles some strange words.
Sigmund flickers and vanishes!
Deactivating autopickup; reactivate with Ctrl-A.
You have reached level 6!
Okay, then.
Magic courses through your body. Something hits you!
* * * LOW HITPOINT WARNING * * *
You feel better. Something hits you.
Casting: Searing Ray (safe; 1% risk of failure)
Confirm with . or Enter, or press ? or * to list all spells.
Aiming: Searing Ray (safe; 1% risk of failure)
Press: ? - help, Shift-Dir - straight line The searing ray hits something! (Press . to maintain the ray.)
The searing ray hits something!
Something hits you!
* * * LOW HITPOINT WARNING * * *
A magic dart appears from out of thin air!
The magic dart hits you.
You die... #......... . #........# # ..oo<...# # ..oooo.

# o.... # ... # #'# #
#############.# #
#.........@){.# ##### #
#.......[.##### ##.8.##
#.........# #.....#
#........## #8.>.8##
####'######.# #......#
#.##...>.# ##.8.#.#
#.##.######.# #.###.####
#...........# #.....)..)
####.############.######


There were no monsters in sight!

Vanquished Creatures
  4 orc wizards (D:4)
  Robin (D:2)
  4 adders
  2 worms
  2 dart slugs
  9 orcs
  10 bats
  11 endoplasms
  3 giant cockroaches
  12 hobgoblins
  4 jackals
  5 kobolds
  4 quokkas
  4 ball pythons
  3 frilled lizards
  13 goblins
  6 rats
97 creatures vanquished.

Notes
Turn   | Place    | Note
-------+----------+-------------------------------------------
     0 | D:1      | Essalna the Deep Elf Conjurer began the quest for the Orb.
     0 | D:1      | Reached XP level 1. HP: 10/10 MP: 6/6
   237 | D:1      | Reached XP level 2. HP: 16/16 MP: 6/8
   668 | D:1      | Reached XP level 3. HP: 20/20 MP: 6/10
   734 | D:1      | Reached skill level 1 in Fighting
   741 | D:1      | Learned a level 2 spell: Searing Ray
   901 | D:1      | Found a faded altar of an unknown god.
  1073 | D:1      | Found Marchoent's Distillery.
  1736 | D:2      | Reached XP level 4. HP: 25/25 MP: 8/12
  1822 | D:2      | Reached skill level 5 in Conjurations
  1896 | D:2      | Found a hazy altar of Hepliaklqana.
  1908 | D:2      | Became a worshipper of Hepliaklqana the Forgotten
  2459 | D:2      | Noticed Robin
  2472 | D:2      | Killed Robin
  2857 | D:3      | Learned a level 4 spell: Iskenderun's Mystic Blast
  2963 | D:3      | Reached XP level 5. HP: 30/30 MP: 8/13
  3499 | D:3      | Found a runed translucent gate.
  3499 | D:3      | Found a runed translucent gate.
  3499 | D:3      | Found a runed translucent gate.
  3501 | D:3      | Noticed Dabor's ghost (amateur HOFi)
  3501 | D:3      | Noticed Gerhazo's ghost (weakling GrEE)
  3502 | D:3      | Noticed flestrin's ghost (amateur MfBe)
  3502 | D:3      | Noticed hemabe1971's ghost (amateur HuAr)
  3503 | D:3      | Noticed GordonOverkill's ghost (amateur DEHu)
  3688 | D:4      | Reached skill level 1 in Translocations
  3842 | D:4      | Found a staircase to the Ecumenical Temple.
  3921 | D:4      | Noticed Sigmund
  3924 | D:4      | Reached XP level 6. HP: 18/35 MP: 1/15
  3927 | D:4      | HP: 1/35 [something (11)]
  3928 | D:4      | Killed from afar by Sigmund

Illustrated notes

Levels and vault maps discovered:
D:1:      saegor_arrival_simple_b, layout_basic,
          shapermc_ecumenical_altar_notcrosses, serial_shops, shop,
          minmay_misc_feat_square
D:2:      layout_basic, basic_altar, uniq_robin
D:3:      layout_basic, gammafunk_ghost_cemetery, serial_forest,
          infiniplex_forest_lined_room_2, infiniplex_forest_lined_2,
          infiniplex_forest_end_3, infiniplex_forest_lined_3,
          infiniplex_forest_clump_medium, infiniplex_forest_split
D:4:      layout_basic, minmay_temple_entry_statues_pillars, uniq_edmund,
          uniq_grinder, uniq_eustachio, uniq_sigmund

Skill      XL: |  1  2  3  4  5 |
---------------+----------------+-----
Stealth        | 3 |  3.0
Fighting       | 1 2 |  2.2
Spellcasting   | 4 |  4.9
Conjurations   | 5 |  5.5
Translocations | 1 |  1.1
Dodging        | 3 |  3.0
Armour         | |  0.9

Action                   |  1- 3 |  4- 6 || total
-------------------------+-------+-------++-------
 Cast: Magic Dart        |    75 |    91 ||   166
       Searing Ray       |     1 |     8 ||     9
  Use: Scroll            |       |     1 ||     1
       Potion            |       |     2 ||     2
Armor: Robe              |     2 |     1 ||     3
Dodge: Dodged            |     1 |     9 ||    10

Table legend: (Time is in decaauts)
 A = Elapsed time spent in this place.
 B = Non-inter-level travel time spent in this place.
 C = Inter-level travel time spent in this place.
 D = Time resting spent in this place.
 E = Time spent auto-exploring this place.
 F = Levels seen in this place.
 G = Mean time per level.
                   A        B        C        D        E       F      G
               +--------+--------+--------+--------+--------+-----+--------+
         Total |   3925 |   3826 |     99 |      0 |   3406 |   4 |  981.2 |
       Dungeon |   3925 |   3826 |     99 |      0 |   3406 |   4 |  981.2 |
               +--------+--------+--------+--------+--------+-----+--------+

Top non-repeatable levels by time:
     D:1: 1464 daAuts
     D:2: 1359 daAuts
     D:3: 801 daAuts
     D:4: 300 daAuts
